 Dungeon Crawl Stone Soup version 0.18-a0-674-g00855b9 (webtiles) character file.

1435 Korkiloff the Ducker (level 8, -2/63 HPs)
             Began as a Demigod Fire Elementalist on Dec 6, 2015.
             Slain by a black bear (4 damage)
             ... on level 7 of the Dungeon.
             The game lasted 00:38:15 (5891 turns).

Korkiloff the Ducker (Demigod Fire Elementalist)    Turns: 5891, Time: 00:38:16

Health: -2/63      AC:  4    Str: 11    XL:     8   Next: 21%
Magic:  14/16      EV: 15    Int: 23    God:
Gold:   300        SH:  0    Dex: 16    Spells: 4 memorised, 4 levels left

rFire  . . .     SeeInvis +     H - +2 dagger of Certain Death {freeze, +Rage MR+}
rCold  + + .     Clarity  .     y - +0 robe of Supple Strength {rC++ MR- Regen+ SInv}
rNeg   . . .     SustAt   +     (no shield)
rPois  .         Gourm    .     (no helmet)
rElec  .         Spirit   .     (no cloak)
rCorr  .         Dismiss  .     S - +1 pair of gloves
rMut   .         Rnd*Tele +     (no boots)
MR     +....                    i - amulet of regeneration
Stlth  +++.......               z - ring of protection from magic
                                s - ring of teleportation

@: somewhat resistant to hostile enchantments, fairly stealthy
A: high mp 1, sustain attributes
a: Evoke Berserk Rage, Evoke Teleportation


You were on level 7 of the Dungeon.
You were not hungry.

You visited 2 branches of the dungeon, and saw 8 of its levels.

You collected 402 gold pieces.
You spent 102 gold pieces at shops.

Inventory:

Hand Weapons
 g - a +0 mace
 t - a +0 hand axe
 u - a +4 battleaxe
 w - a +2 dagger of venom
 A - a cursed -3 dagger
 F - a +2 dagger of venom
 H - the +2 dagger of Certain Death (weapon) {freeze, +Rage MR+}
   (You found it on level 4 of the Dungeon)

   It has been specially enchanted to freeze those struck by it, causing extra
   injury to most foes and up to half again as much damage against particularly
   susceptible opponents.
   It can also slow down cold-blooded creatures.
   It affects your resistance to hostile enchantments.
   It lets you go berserk.
 K - a +0 blowgun
 M - a +1 dagger of venom
 V - a -1 dagger
Missiles
 d - 186 stones (quivered)
 m - 2 throwing nets
 v - 40 poisoned needles
Armour
 y - the +0 robe of Supple Strength (worn) {rC++ MR- Regen+ SInv}
   (You found it on level 4 of the Dungeon)

   It greatly protects you from cold.
   It affects your resistance to hostile enchantments.
   It lets you see invisible.
   It increases your rate of regeneration.
 S - a +1 pair of gloves (worn)
Jewellery
 i - an amulet of regeneration (around neck)
 r - an uncursed amulet of clarity
 s - a ring of teleportation (left hand)
 z - a ring of protection from magic (right hand)
 I - an uncursed amulet of faith
Wands
 R - a wand of magic darts (33)
Scrolls
 o - 13 scrolls of identify
 q - 3 scrolls of remove curse
 E - 2 scrolls of amnesia {unknown}
 W - 2 scrolls of teleportation {unknown}
Potions
 e - a potion of cure mutation
 O - a potion of mutation {unknown}
 P - a potion of curing
 U - 3 potions of heal wounds {unknown}
 Z - a potion of degeneration {unknown}
Books
 b - a book of Flames

   Spells                             Type                      Level
   a - Flame Tongue                   Conjuration/Fire             1
   b - Throw Flame                    Conjuration/Fire             2
   c - Conjure Flame                  Conjuration/Fire             3
   d - Inner Flame                    Hexes/Fire                   3
   e - Sticky Flame                   Conjuration/Fire             4
   f - Fireball                       Conjuration/Fire             5
 J - a book of Death

   Spells                             Type                      Level
   a - Corpse Rot                     Necromancy                   2
   b - Sublimation of Blood           Necromancy                   2
   c - Agony                          Necromancy                   5
   d - Dispel Undead                  Necromancy                   5
   e - Excruciating Wounds            Charms/Necromancy            5
   f - Bolt of Draining               Conjuration/Necromancy       5
 Q - a book of Debilitation

   Spells                             Type                      Level
   a - Corona                         Hexes                        1
   b - Slow                           Hexes                        2
   c - Gell's Gravitas                Hexes/Translocation          3
   d - Inner Flame                    Hexes/Fire                   3
   e - Cause Fear                     Hexes                        4
   f - Leda's Liquefaction            Hexes/Earth                  4
 T - a book of Beasts

   Spells                             Type                      Level
   a - Summon Butterflies             Summoning                    1
   b - Call Canine Familiar           Summoning                    3
   c - Summon Ice Beast               Ice/Summoning                4
   d - Summon Mana Viper              Hexes/Summoning              5
   e - Summon Hydra                   Summoning                    7
 X - a book of Debilitation

   Spells                             Type                      Level
   a - Corona                         Hexes                        1
   b - Slow                           Hexes                        2
   c - Gell's Gravitas                Hexes/Translocation          3
   d - Inner Flame                    Hexes/Fire                   3
   e - Cause Fear                     Hexes                        4
   f - Leda's Liquefaction            Hexes/Earth                  4
Comestibles
 a - a beef jerky
 c - 5 bread rations
 p - a slice of pizza
 x - a royal jelly
 G - 2 meat rations


   Skills:
 + Level 3.2 Fighting
 + Level 3.1 Axes
 + Level 0.6(2.0) Maces & Flails
 + Level 0.6 Throwing
 + Level 5.1 Dodging
 + Level 3.5 Stealth
 + Level 3.6 Spellcasting
 + Level 2.9 Conjurations
 + Level 4.3 Fire Magic


You had 4 spell levels left.
You knew the following spells:

 Your Spells              Type           Power        Failure   Level  Hunger
a - Flame Tongue          Conj/Fire      ###..        2%          1    None
b - Throw Flame           Conj/Fire      ###...       3%          2    #......
c - Conjure Flame         Conj/Fire      ###.....     10%         3    ###....
d - Sticky Flame          Conj/Fire      ###.....     24%         4    ####...


Dungeon Overview and Level Annotations

Branches:
Dungeon (7/15)             Temple (1/1) D:4

Shops:
D:4 *   D:6 =


Innate Abilities, Weirdness & Mutations

You have an increased reservoir of magic (+10% MP).
Your attributes are resistant to harm.


Message History

Okay, then.
You fail to use your ability.
The black bear completely misses you. The black bear completely misses you.
The black bear claws you.
* * * LOW HITPOINT WARNING * * *
The hippogriff bites you!
* * * LOW HITPOINT WARNING * * *
The hippogriff pecks you.
* * * LOW HITPOINT WARNING * * *
The hippogriff claws you.
* * * LOW HITPOINT WARNING * * *
An orc comes into view.
It is wielding a morningstar of draining.
Unknown command. 3 orcs come into view.
The orc shouts! x2
You hear a bark!
The black bear rages.
The black bear bites you.
* * * LOW HITPOINT WARNING * * *
The black bear claws you.
You die...

..<... ...
#..#.# .(
#....##.# ###.
.....##
.##...##.#... #
#........#.#..#
#........H...#
#......h.###.#
#......@.#
#.......o#
.....(..o..
........o....
...<.........o.
#........##.oo.
#.####.... ....
#. #.... ###


You could see a hippogriff, a black bear (berserk), an orc priest and 5 orcs.

Vanquished Creatures
  The ghost of Hedron the Ogre Mage, an amateur OgWz of Makhleb (D:3)
  A deep elf fighter (D:6)
  A sky beast (D:5)
  An ogre (D:6)
  A giant frog (D:6)
  3 scorpions
  3 crimson imps
  4 orc wizards
  2 hounds
  A jelly (D:6)
  Jessica (D:3)
  Natasha (thrice) (D:4)
  2 worker ants (D:5)
  A worker ant zombie (D:5)
  11 adders
  5 river rats (D:5)
  A shadow imp (D:5)
  2 oozes
  2 adder skeletons
  4 worms
  3 giant geckos
  9 orcs
  4 bats
  5 giant cockroaches
  8 goblins
  12 hobgoblins
  9 jackals
  3 quokkas
  A ball python (D:2)
  2 giant newts (D:6)
  11 kobolds
  24 rats
141 creatures vanquished.

Notes
Turn   | Place    | Note
--------------------------------------------------------------
     0 | D:1      | Korkiloff the Demigod Fire Elementalist began the quest for the Orb.
     0 | D:1      | Reached XP level 1. HP: 14/14 MP: 5/5
   323 | D:1      | Reached XP level 2. HP: 20/20 MP: 2/7
   477 | D:1      | Reached skill level 1 in Conjurations
   482 | D:1      | Learned a level 2 spell: Throw Flame
   851 | D:2      | Reached skill level 3 in Fire Magic
   882 | D:2      | Reached XP level 3. HP: 26/26 MP: 3/9
  1359 | D:2      | Found a deep blue altar of Sif Muna.
  1762 | D:2      | Reached XP level 4. HP: 33/33 MP: 3/10
  1919 | D:2      | Learned a level 3 spell: Conjure Flame
  2057 | D:3      | Noticed Hedron's ghost (amateur OgWz)
  2161 | D:4      | Got a silken robe
  2172 | D:4      | Identified the +0 robe of Supple Strength {rC++ MR- Regen+ SInv} (You found it on level 4 of the Dungeon)
  2327 | D:4      | Reached XP level 5. HP: 29/39 MP: 11/11
  2380 | D:4      | Reached skill level 1 in Fighting
  2434 | D:4      | Noticed Natasha
  2469 | D:4      | Killed Natasha
  2473 | D:4      | Found a staircase to the Ecumenical Temple.
  2487 | Temple   | Entered the Ecumenical Temple
  2655 | D:4      | Noticed Natasha
  2691 | D:5      | Entered Level 5 of the Dungeon
  2737 | D:5      | Found an ancient bone altar of Kikubaaqudgha.
  2739 | D:5      | Found a white marble altar of Elyvilon.
  2767 | D:5      | Noticed a sky beast
  2772 | D:4      | Found Mottuumn's Assorted Antiques.
  2786 | D:4      | Reached skill level 1 in Axes
  2796 | D:4      | Bought a scroll labeled GUEVEY NOAGAWI for 18 gold pieces
  2796 | D:4      | Bought a fuming dark potion for 16 gold pieces
  2796 | D:4      | Bought a fizzy inky potion for 16 gold pieces
  2796 | D:4      | Bought a scroll labeled IKOODI WOIHUNK for 18 gold pieces
  2796 | D:4      | Bought a scroll labeled VAPRIU QUR ESAG for 18 gold pieces
  2796 | D:4      | Bought a fuming red potion for 16 gold pieces
  2830 | D:4      | Killed Natasha
  2869 | D:4      | Noticed Natasha
  2874 | D:4      | Killed Natasha
  3023 | D:4      | Got a slimy dagger
  3625 | D:3      | HP: 1/40 [Hedron's ghost (6)]
  3630 | D:3      | HP: 2/40 [Hedron's ghost (7)]
  3633 | D:3      | Killed Hedron's ghost
  3633 | D:3      | Reached XP level 6. HP: 4/48 MP: 2/13
  3843 | D:3      | Noticed Jessica
  3876 | D:3      | Killed Jessica
  4273 | D:5      | Learned a level 4 spell: Sticky Flame
  4304 | D:5      | Reached XP level 7. HP: 46/55 MP: 9/14
  4353 | D:5      | Reached skill level 4 in Dodging
  4477 | D:5      | Found a bloodstained altar of Trog.
  5008 | D:6      | Found Yjuon's Jewellery Boutique.
  5168 | D:6      | Reached skill level 5 in Dodging
  5168 | D:6      | Reached XP level 8. HP: 61/63 MP: 8/16
  5552 | D:6      | Identified the +2 dagger of Certain Death {freeze, +Rage MR+} (You found it on level 4 of the Dungeon)
  5737 | D:6      | Found a sacrificial altar of Ru.
  5890 | D:7      | HP: 3/63 [hippogriff (1)]
  5891 | D:7      | Slain by a black bear

Vault maps used:
D:1:      dpeg_arrival_morbid_curiosity
D:2:      lemuel_doored_altar, first_bread
D:3:      portal_sewer_entry_d, uniq_jessica
D:4:      minmay_temple_entry_nine_rooms, serial_shops,
          nicolae_shop_overgrown_old_shop, uniq_natasha
D:5:      nicolae_overflow_crystal_walls, grunt_temple_overflow_open,
          minmay_misc_feat_roman, grunt_decor_cap, dk_rats_in_the_wall
D:6:      kennysheep_mini_moat, serial_shops, shop_statue, supply_closet_lemuel,
          guppyfry_early_elven_hall
Temple:   circular_temple_12

Action                   |  1- 3 |  4- 6 |  7- 9 || total
-------------------------+-------+-------+-------++-------
Melee: Mace              |    98 |    17 |       ||   115
       Battleaxe         |       |   115 |    81 ||   196
       Dagger            |       |       |     7 ||     7
 Fire: Blowgun           |       |     2 |       ||     2
Throw: Stone             |     4 |     3 |       ||     7
 Cast: Flame Tongue      |    46 |    51 |    45 ||   142
       Throw Flame       |     4 |    11 |    13 ||    28
       Conjure Flame     |       |     3 |     2 ||     5
  Use: Potion            |       |     7 |       ||     7
       Scroll            |       |       |     8 ||     8
 Stab: Sleeping          |     3 |     7 |       ||    10
       Distracted        |       |     1 |     2 ||     3
  Eat: Chunk             |     3 |     9 |     6 ||    18
